 Dungeon Crawl Stone Soup version 0.28-a0-1429-gf3d713df7a (webtiles) character file.

Game seed: 13813921561738663586

63 Deminshera the Poker (level 4, -1/55 HPs)
             Began as a Merfolk Monk on Jan 8, 2022.
             Slain by a scorpion (3 damage)
             ... on level 2 of the Dungeon.
             The game lasted 00:01:44 (1649 turns).

Deminshera the Poker (Merfolk Monk)                 Turns: 1649, Time: 00:01:45

Health: -1/55      AC: 22    Str: 13    XL:     4   Next: 9%
Magic:  4/4        EV:  2    Int:  9    God:
Gold:   188        SH:  0    Dex: 16    Spells: 3/3 levels left

rFire   . . .      SeeInvis .   a - +0 spear
rCold   . . .      Faith    .   (no shield)
rNeg    . . .      Spirit   .   (armour currently unavailable)
rPois   +          Reflect  .   (helmet currently unavailable)
rElec   .          Harm     .   (cloak currently unavailable)
rCorr   .          Rampage  .   (gloves currently unavailable)
Will    .....      NoTele   +   (boots currently unavailable)
Stlth   ++........              (no amulet)
HPRegen 0.18/turn               (no ring)
MPRegen 0.09/turn               (no ring)

@: lethally poisoned (-1 -> -5), tree-form
A: stationary, stasis, torment immunity, boosted hp, (nimble swimmer 2),
(mertail)
a: no special abilities


You were on level 2 of the Dungeon.
You were a tree.
You visited 1 branch of the dungeon, and saw 3 of its levels.

You collected 188 gold pieces.

Inventory:

Hand Weapons
 a - a +0 spear (weapon)
Armour
 i - a +0 ring mail (melded)
Jewellery
 c - a ring of flight
 e - a +6 ring of intelligence
Scrolls
 d - a scroll of amnesia {unknown}
 f - 2 scrolls of identify {unknown}
 g - a scroll of enchant weapon {unknown}


   Skills:
 + Level 3.9 Fighting
 + Level 5.2 Polearms
 + Level 4.7 Dodging
 - Level 3.0 Stealth


You had 3 spell levels left.
You didn't know any spells.
Your spell library was empty.

Dungeon Overview and Level Annotations

Branches:
Dungeon (3/15)

Altars:

Shops:
D:2 (


Innate Abilities, Weirdness & Mutations

You are a tree.
Your roots penetrate the ground, keeping you stationary.
You cannot be teleported.
You are immune to unholy pain and torment.
Your maximum health is greatly increased.
Your equipment is partially melded.
((You are very nimble when in or above water. (Stealth+, EV+, Speed+++)))
((Your lower body shifts to a powerful aquatic tail in water.))


Message History

It was a potion of curing.
You feel better. The scorpion barely misses you.
You hit the scorpion.
The scorpion is heavily wounded.
The scorpion barely misses you.
You hit the scorpion but do no damage.
The scorpion is heavily wounded.
The scorpion stings you.
* * * LOW HITPOINT WARNING * * *
You closely miss the scorpion.
The scorpion is heavily wounded.
The scorpion barely misses you.
You hit the scorpion.
The scorpion is severely wounded.
The scorpion barely misses you.
You hit the scorpion but do no damage.
The scorpion is severely wounded.
The scorpion closely misses you.
You hit the scorpion but do no damage.
The scorpion is severely wounded.
The scorpion stings you.
* * * LOW HITPOINT WARNING * * *
You are lethally poisoned!
The scorpion poisons you!
You hit the scorpion.
The scorpion is severely wounded.
* * * LOW HITPOINT WARNING * * *
You feel sick. The scorpion closely misses you.
You hit the scorpion.
The scorpion is almost dead.
* * * LOW HITPOINT WARNING * * *
You feel sick. The scorpion misses you.
You completely miss the scorpion.
The scorpion is almost dead.
* * * LOW HITPOINT WARNING * * *
You feel sick. The scorpion closely misses you.
It was a potion of lignification.
You turn into a tree.
Your +0 ring mail melds into your body.
Your roots penetrate the ground.
* * * LOW HITPOINT WARNING * * *
You feel sick. The scorpion stings you.
You die...

###### #.....
#############.....
####♣................
#....s..########.....
#.....[.# #########
#.......#####........
#.......'...+...<....
#.......#####........
####.......#########.
######........# #.
#........###.


You could see a scorpion.

Vanquished Creatures
  An adder (D:2)
  3 dart slugs
  An orc (D:3)
  5 ball pythons
  5 endoplasms
  4 giant cockroaches
  2 hobgoblins
  2 jackals
  3 kobolds
  2 quokkas
  4 bats
  3 frilled lizards
  4 goblins (D:1)
  4 rats
43 creatures vanquished.

Notes
Turn   | Place    | Note
-------+----------+-------------------------------------------
     0 | D:1      | Deminshera the Merfolk Monk began the quest for the Orb.
     0 | D:1      | Reached XP level 1. HP: 18/18 MP: 1/1
   127 | D:1      | Reached XP level 2. HP: 19/24 MP: 2/2
   431 | D:1      | Found a faded altar of an unknown god.
   564 | D:1      | Reached XP level 3. HP: 29/29 MP: 3/3
  1008 | D:2      | Reached skill level 5 in Polearms
  1021 | D:2      | Found Askakot's Weapon Emporium.
  1352 | D:3      | Reached XP level 4. HP: 25/37 MP: 4/4
  1601 | D:3      | Noticed a scorpion
  1649 | D:2      | HP: 2/55 [poisoned by a scorpion]
  1649 | D:2      | Slain by a scorpion

Illustrated notes

Levels and vault maps discovered:
D:1:      scummos_arrival_gate, layout_loops_ring, ebering_ecumenical_altar_webs
D:2:      layout_basic, serial_shops, shop_coins
D:3:      layout_basic, serial_shops, shop, hex_large, cheibrodos_gnoll_hut

Skill      XL: |  1  2  3 |
---------------+----------+-----
Polearms       | 5 |  5.2
Stealth        | 3 |  3.0
Fighting       | |  3.9
Dodging        | |  4.7

Action                   |  1- 3 |  4- 6 || total
-------------------------+-------+-------++-------
Melee: Spear             |   125 |    35 ||   160
       Punch             |     1 |     1 ||     2
  Use: Potion            |       |     2 ||     2
 Stab: Sleeping          |    10 |       ||    10
Armor: Robe              |    10 |     1 ||    11
       Ring mail         |       |     7 ||     7
Dodge: Dodged            |    47 |    28 ||    75

Table legend: (Time is in decaauts)
 A = Elapsed time spent in this place.
 B = Non-inter-level travel time spent in this place.
 C = Inter-level travel time spent in this place.
 D = Time resting spent in this place.
 E = Time spent auto-exploring this place.
 F = Levels seen in this place.
 G = Mean time per level.
                   A        B        C        D        E       F      G
               +--------+--------+--------+--------+--------+-----+--------+
         Total |   1626 |   1555 |     71 |    175 |   1036 |   3 |  542.0 |
       Dungeon |   1626 |   1555 |     71 |    175 |   1036 |   3 |  542.0 |
               +--------+--------+--------+--------+--------+-----+--------+

Top non-repeatable levels by time:
     D:1: 834 daAuts
     D:2: 672 daAuts
     D:3: 119 daAuts
